 Dungeon Crawl Stone Soup version 0.24-a0-462-ge24419a6ad (webtiles) character file.

Game seed: 13344626508255349312

7578 Kuinu the Fighter (level 10, -12/142 HPs)
             Began as a Yellow Draconian Berserker on July 1, 2019.
             Was an Elder of Trog.
             Mangled by Urug
             ... wielding a +5 long sword of slicing
              (18 damage)
             ... on level 10 of the Dungeon.
             The game lasted 00:17:07 (7063 turns).

Kuinu the Fighter (Yellow Draconian Berserker)      Turns: 7063, Time: 00:17:07

Health: -12/142    AC: 10    Str: 24    XL:     10   Next: 97%
Magic:  10/10      EV: 19    Int:  9    God:    Trog [****..]
Gold:   478        SH:  0    Dex: 17    Spells: 9/9 levels left

rFire    . . .     SeeInvis .   E - +3 scimitar
rCold    . . .     Gourm    .   (no shield)
rNeg     . . .     Faith    .   (armour unavailable)
rPois    .         Spirit   .   G - +2 hat
rElec    .         Reflect  .   g - +0 cloak
rCorr    +         Harm     .   (no gloves)
MR       +++..                  (no boots)
Stlth    ..........             (no amulet)
HPRegen  1.33/turn              r - ring of protection from magic
MPRegen  0.12/turn              k - +4 ring of dexterity

@: berserking, regenerating, very quick
A: spit acid, unfitting armour, cold-blooded, acid resistance, AC +7
a: Breathe Acid, Berserk, Trog's Hand, Brothers in Arms, Renounce Religion


You were on level 10 of the Dungeon.
You worshipped Trog.
Trog was greatly pleased with you.
You were hungry.

You visited 1 branch of the dungeon, and saw 10 of its levels.

You collected 478 gold pieces.

Inventory:

Hand Weapons
 a - a +1 falchion
 w - a +2 antimagic spear
 y - a -3 long sword
 C - a +4 war axe
 E - a +3 scimitar (weapon)
Armour
 c - a +0 cloak
 g - a +0 cloak (worn)
 G - a +2 hat (worn)
Jewellery
 d - an uncursed ring of see invisible
 k - a +4 ring of dexterity (right hand)
 r - a ring of protection from magic (left hand)
 B - an uncursed ring of flight
Wands
 f - a wand of flame (16)
 p - a wand of acid (15)
 D - a wand of polymorph (15)
 I - a wand of iceblast (9)
Scrolls
 e - a scroll of enchant armour
 h - a scroll of identify
 i - 2 scrolls of random uselessness
 n - 2 scrolls of remove curse
 o - 5 scrolls of teleportation
 q - a scroll of enchant weapon
 u - a scroll of noise
Potions
 j - 2 potions of brilliance
 l - a potion of agility
 m - a potion of invisibility
 s - a potion of haste
 t - 2 potions of heal wounds
 v - a potion of curing
 x - 2 potions of degeneration
 z - a potion of cancellation
 A - 2 potions of lignification
 F - a potion of mutation {unknown}
Comestibles
 b - 11 rations
 H - 8 chunks of flesh


   Skills:
 * Level 11.1 Fighting
 * Level 10.2 Long Blades
 * Level 9.4 Dodging


You had 9 spell levels left.
You didn't know any spells.
Your spell library was empty.

Dungeon Overview and Level Annotations

Branches:
Dungeon (10/15)            Temple (0/1) D:7            Lair (0/6) D:10
    Orc: D:9-12

Altars:
Dithmenos
Fedhas
Makhleb
Nemelex Xobeh
Ru
Sif Muna
Trog
Vehumet
Wu Jian
Yredelemnul
The Shining One

Shops:
D:6 =   D:7 !

Annotations:
D:10 Urug


Innate Abilities, Weirdness & Mutations

You can spit globs of acid.
Your golden yellow scales are hard. (AC +7)
You cannot fit into any form of body armour.
You are cold-blooded and may be slowed by cold attacks.
You are resistant to acid. (rCorr)


Message History

You feel somewhat more hungry.
Urug hits you with a +5 long sword of slicing!!
* * * LOW HITPOINT WARNING * * *
x2 A red film seems to cover your vision as you go berserk!
You feel yourself moving faster!
You feel mighty!
You are feeling hungry.
Urug hits you with a +5 long sword of slicing!!
* * * LOW HITPOINT WARNING * * *
x2 You barely miss Urug.
You tail-slap Urug.
Urug is lightly wounded.
You barely miss Urug.
Your tail-slap misses Urug.
Urug is lightly wounded.
Urug zaps a wand.
The burst of metal fragments misses you. x9
You slash Urug!
Your tail-slap misses Urug.
Urug is moderately wounded.
You slash Urug!
Urug is moderately wounded.
Urug hits you with a +5 long sword of slicing!!
You die...

################
#..............#
###.############o#
#..รท############@#
#................#####
#...####......(........
.>..# #.#######.......
##.## #.# ###..... #.#
#.# .#### #.# #.# .#
##.# #.# # .#..# #.#


You could see Urug.

Vanquished Creatures
  Harold (D:8)
  An oklob plant (D:8)
  Maurice (D:8)
  Joseph (D:10)
  A gargoyle (D:10)
  4 yaks (D:10)
  2 hungry ghosts
  Menkaure (D:6)
  Edmund (D:5)
  4 porcupines (D:10)
  2 orc warriors
  3 sky beasts
  2 ice beasts
  2 black bears
  5 ogres
  A phantom (D:8)
  3 wolves (D:10)
  4 centaurs
  4 crocodiles (D:10)
  3 bullfrogs
  A big kobold (D:8)
  A wyvern skeleton (D:6)
  3 scorpions
  3 killer bees (D:8)
  5 wights (D:6)
  3 howler monkeys
  A centaur zombie (D:10)
  5 crimson imps
  A jelly (D:5)
  A gnoll shaman (D:4)
  A hound (D:6)
  2 orc priests (D:7)
  5 worker ants
  3 iguanas
  7 orc wizards
  A hound skeleton (D:7)
  2 worker ant zombies
  4 gnolls (D:4)
  A howler monkey skeleton (D:5)
  6 adders
  2 oozes
  An adder skeleton (D:4)
  A worm (D:3)
  2 dart slugs
  A leopard gecko (D:5)
  29 orcs
  6 giant cockroaches
  4 goblins
  6 hobgoblins
  5 jackals
  3 quokkas
  2 ball pythons
  3 bats
  A frilled lizard (D:3)
  9 kobolds
  2 leopard gecko skeletons (D:5)
  7 rats
  3 plants (D:8)
189 creatures vanquished.

Vanquished Creatures (others)
  2 fungi (D:10)
  2 plants (D:10)
4 creatures vanquished.

Grand Total: 193 creatures vanquished

Notes
Turn   | Place    | Note
-------+----------+-------------------------------------------
     0 | D:1      | Kuinu the Draconian Berserker began the quest for the Orb.
     0 | D:1      | Reached XP level 1. HP: 19/19 MP: 1/1
   157 | D:1      | Reached XP level 2. HP: 19/26 MP: 2/2
   779 | D:2      | Found a glowing golden altar of the Shining One.
   779 | D:2      | Found a shadowy altar of Dithmenos.
   821 | D:2      | Reached ** piety under Trog
   910 | D:2      | Found a bloodstained altar of Trog.
  1070 | D:3      | Reached XP level 3. HP: 32/33 MP: 3/3
  1081 | D:3      | Reached skill level 4 in Fighting
  1089 | D:3      | Reached XP level 4. HP: 20/40 MP: 4/4
  1091 | D:3      | Found a sacrificial altar of Ru.
  1091 | D:3      | Found a burning altar of Makhleb.
  1286 | D:3      | Found a sparkling altar of Nemelex Xobeh.
  1431 | D:3      | Reached XP level 5. HP: 36/47 MP: 5/5
  1901 | D:4      | Noticed an ogre
  1909 | D:4      | Killed an ogre
  1909 | D:4      | Reached skill level 5 in Fighting
  1909 | D:4      | Reached XP level 6. HP: 56/56 MP: 6/6
  2210 | D:4      | Reached skill level 5 in Long Blades
  2423 | D:5      | Entered Level 5 of the Dungeon
  2793 | D:5      | Noticed a sky beast
  2801 | D:5      | Your scales start taking on a golden yellow colour.
  2801 | D:5      | Reached XP level 7. HP: 52/62 MP: 3/7
  2801 | D:5      | Gained mutation: You are resistant to acid. (rCorr) [Yellow
                  | Draconian growth]
  2816 | D:5      | Reached skill level 6 in Fighting
  2824 | D:5      | Reached skill level 5 in Dodging
  3054 | D:5      | Reached *** piety under Trog
  3300 | D:5      | Noticed Edmund
  3320 | D:5      | Killed Edmund
  3320 | D:5      | Reached XP level 8. HP: 22/71 MP: 8/8
  3700 | D:6      | Found Xixir's Jewellery Emporium.
  3748 | D:6      | Reached skill level 7 in Fighting
  4160 | D:6      | Noticed Menkaure
  4166 | D:6      | Killed Menkaure
  4166 | D:6      | Reached skill level 8 in Fighting
  4176 | D:6      | Found a sacrificial altar of Ru.
  4234 | D:7      | Reached XP level 9. HP: 48/81 MP: 9/9
  4274 | D:7      | Found Owacet's Distillery.
  4374 | D:7      | Found a staircase to the Ecumenical Temple.
  4407 | D:7      | Found an ornate altar of the Wu Jian Council.
  5152 | D:8      | Reached skill level 9 in Fighting
  5300 | D:8      | Found a blossoming altar of Fedhas.
  5312 | D:8      | Noticed an oklob plant
  5366 | D:8      | Noticed Maurice
  5447 | D:8      | Noticed Harold
  5459 | D:8      | Killed Harold
  5459 | D:8      | Reached XP level 10. HP: 12/93 MP: 10/10
  5729 | D:8      | Killed Maurice
  5729 | D:8      | Reached skill level 10 in Fighting
  6011 | D:8      | Killed an oklob plant
  6283 | D:9      | Found a basalt altar of Yredelemnul.
  6286 | D:9      | Found a radiant altar of Vehumet.
  6288 | D:9      | Found a deep blue altar of Sif Muna.
  6546 | D:10     | Entered Level 10 of the Dungeon
  6557 | D:10     | Found a staircase to the Lair.
  6563 | D:10     | Reached **** piety under Trog
  6570 | D:10     | Noticed a gargoyle
  6586 | D:10     | Killed a gargoyle
  6594 | D:10     | Reached skill level 10 in Long Blades
  6868 | D:10     | Noticed Joseph
  6890 | D:10     | Killed Joseph
  6890 | D:10     | Reached skill level 11 in Fighting
  6925 | D:10     | Noticed Urug
  7059 | D:10     | HP: 5/142 [Urug/+5 long sword of slicing (19)]
  7063 | D:10     | Mangled by Urug

Levels and vault maps discovered:
D:1:      lemuel_arrival_hallway, layout_basic
D:2:      layout_loops_ring, minitemple, trog_book
D:3:      layout_basic, nemelex_altar_shiori,
          chequers_temple_overflow_statue_of_worship, first_ration,
          chequers_serial_rivers_micro_b, corexii_leaking_fountain
D:4:      layout_gridville
D:5:      layout_rooms, hangedman_glass_teeth, uniq_edmund
D:6:      nicolae_whirlpool, layout_rooms, serial_shops, nicolae_shop_trees,
          nicolae_ru_path_of_blood, uniq_menkaure
D:7:      layout_cave_pods, kennysheep_little_box, minmay_temple_entry_wispy,
          serial_shops, shop
D:8:      layout_rooms, tgw_fedhas, uniq_harold, uniq_maurice
D:9:      layout_long_grid, grunt_temple_overflow_open
D:10:     layout_loops_ring, minmay_lair_entry_grove, orc_0_dummy,
          cheibriados_altar_1, uniq_joseph, uniq_urug

Skill      XL: |  1  2  3  4  5  6  7  8  9 10 |
---------------+-------------------------------+-----
Dodging        | 3 4 5 6 8 9 |  9.4
Fighting       | 4 5 6 8 9 11 | 11.1
Long Blades    | 4 5 6 7 9 10 | 10.2

Action                   |  1- 3 |  4- 6 |  7- 9 | 10-12 || total
-------------------------+-------+-------+-------+-------++-------
Melee: Falchion          |    69 |   112 |    78 |       ||   259
       Tailslap          |    11 |    31 |    76 |    37 ||   155
       Spear             |       |    47 |       |       ||    47
       Scimitar          |       |       |   195 |   151 ||   346
       War axe           |       |       |    10 |       ||    10
Invok: Trog's Hand       |       |     3 |     9 |     3 ||    15
       Berserk           |       |     2 |     7 |     4 ||    13
 Abil: Breathe Acid      |       |       |     1 |       ||     1
  Use: Scroll            |       |     8 |    11 |       ||    19
 Stab: Sleeping          |       |       |     2 |       ||     2
  Eat: Chunk             |       |     4 |    21 |     9 ||    34
       Ration            |       |     1 |       |     1 ||     2
Armor: Skin              |    35 |    39 |    75 |    29 ||   178
Dodge: Dodged            |    56 |   120 |   312 |   121 ||   609
       Rpst.: Falchion   |    17 |    28 |    14 |       ||    59
       Scimitar          |       |       |    60 |    36 ||    96

Table legend:
 A = Non-vault XP
 B = Vault XP
 C = Vault XP percentage of total XP
 D = Non-vault monster count
 E = Vault monster count
 F = Vault count percentage of total count
                 A         B        C        D         E       F
            +---------+---------+-------+---------+---------+-------
      Total |    6154 |    4673 |  43.2 |     164 |      22 |  11.8
            +---------+---------+-------+---------+---------+-------
        D:1 |      16 |       0 |   0.0 |       9 |       0 |   0.0
        D:2 |      22 |       0 |   0.0 |      13 |       0 |   0.0
        D:3 |     175 |       0 |   0.0 |      32 |       0 |   0.0
        D:4 |     431 |       0 |   0.0 |      16 |       0 |   0.0
        D:5 |     678 |     158 |  18.9 |      14 |       1 |   6.7
        D:6 |    1020 |     512 |  33.4 |      24 |       4 |  14.3
        D:7 |     934 |       0 |   0.0 |      21 |       0 |   0.0
        D:8 |    1035 |    2026 |  66.2 |      20 |       3 |  13.0
        D:9 |     487 |       0 |   0.0 |       7 |       0 |   0.0
       D:10 |    1356 |    1977 |  59.3 |       8 |      14 |  63.6
            +---------+---------+-------+---------+---------+-------
